 Dungeon Crawl Stone Soup version 0.17-a0-1409-ge6d9485 (webtiles) character file.

101 patman the Ruffian (level 4, -2/35 (36) HPs)
             Began as a Ghoul Gladiator on June 22, 2015.
             Slain by an ogre
             ... wielding a +0 giant spiked club
              (15 damage)
             ... on level 4 of the Dungeon.
             The game lasted 00:04:21 (1902 turns).

patman the Ruffian (Ghoul Gladiator)                Turns: 1902, Time: 00:04:22

HP:   -2/35 (36)    AC:  9    Str: 18    XL:     4   Next: 75%
MP:   3/3           EV: 11    Int:  4    God:
Gold: 191           SH:  0    Dex:  9    Spells: 0 memorised, 3 levels left

rFire  . . .     SeeInvis .       - Unarmed
rCold  + . .     Clarity  .     o - +3 ring mail
rNeg   + + +     SustAt   .     (no shield)
rPois  ∞         Gourm    .     b - +0 helmet
rElec  .         Spirit   .     (no cloak)
rCorr  .         Warding  .     (no gloves)
rMut   .         Stasis   .     (no boots)
MR     .....                    (no amulet)
Stlth  ..........               (no ring)
                                (no ring)

@: rotting, not resistant to hostile enchantments, extremely unstealthy
A: rotting body, claws 1, carnivore 3, cold resistance 1, negative energy
resistance 3, slow healing 1, torment resistance, unbreathing
a: no special abilities


You were on level 4 of the Dungeon.
You were not hungry.

You visited 1 branch of the dungeon, and saw 4 of its levels.

You collected 191 gold pieces.

Inventory:

Missiles
 c - 3 throwing nets (quivered)
 f - 94 stones
Armour
 b - a +0 helmet (worn)
 o - a +3 ring mail (worn)
Scrolls
 e - 3 scrolls of remove curse
 g - a scroll of fear {unknown}
 h - a scroll of immolation {unknown}
 j - 2 scrolls of enchant armour {unknown}
 l - 4 scrolls of identify {unknown}
 s - a scroll of noise {unknown}
Potions
 a - a potion of brilliance {unknown}
 k - 3 potions of haste {unknown}
 m - a potion of poison {unknown}
 p - a potion of lignification {unknown}
 q - a potion of agility {unknown}
 r - a potion of flight {unknown}
Comestibles
 d - 3 meat rations
 i - a beef jerky


   Skills:
 - Level 2.1 Fighting
 - Level 1.7 Throwing
 - Level 2.6 Dodging
 + Level 5.8 Unarmed Combat


You had 3 spell levels left.
You didn't know any spells.

Dungeon Overview and Level Annotations

Branches:
Dungeon (4/15)
 Temple: D:4-7

Altars:
Fedhas
Gozag
Kikubaaqudgha
Vehumet
Yredelemnul


Innate Abilities, Weirdness & Mutations

Your body is rotting away.
You thrive on raw meat.
You are immune to poison.
You have sharp fingernails.
You are carnivorous and can eat meat at any time.
Your flesh is cold resistant.
You are immune to negative energy.
You heal slowly when monsters are visible.
You are immune to unholy pain and torment.
You can survive without breathing.


Message History

Found a robe.
There is a stone staircase leading up here.
You see here a robe.
You now have 191 gold pieces (gained 4).
There is a stone staircase leading down here.
An ogre comes into view. It is wielding a giant spiked club.
The ogre shouts!
Found a stone staircase leading down.
The ogre hits you with a giant spiked club!!
Ouch! That really hurt!
You scratch the ogre.
The ogre begins to bleed from its wounds!
The ogre is lightly wounded.
The ogre barely misses you.
You completely miss the ogre.
The ogre is lightly wounded.
You claw the ogre!
The ogre is moderately wounded.
The ogre hits you with a giant spiked club!
You die...

#...<.†...... #[#
##.##.######## ..#
####...#.# ###
#........# #.##...###
#.###.## #######.# #.#
#.# #....>.#
#####.###.# ##.##
...#...##.####.#@#
##......#.....###O....#
##...........## #.####
###.....#####.# ## #
##...## #.# # ##.## #.#
# #.# ## ## #.# .####.#


You could see an ogre (bleeding).

Vanquished Creatures
  An orc wizard (D:2)
  3 adders
  A worm (D:1)
  3 giant geckos
  An orc (D:2)
  6 bats
  3 giant cockroaches
  3 goblins
  A hobgoblin (D:3)
  5 kobolds
  2 quokkas (D:2)
  3 giant newts
  6 rats
38 creatures vanquished.

Notes
Turn   | Place    | Note
--------------------------------------------------------------
     0 | D:1      | patman the Ghoul Gladiator began the quest for the Orb.
     0 | D:1      | Reached XP level 1. HP: 17/17 MP: 0/0
   236 | D:1      | Reached XP level 2. HP: 16/24 MP: 1/1
   346 | D:1      | Reached skill level 4 in Unarmed Combat
   759 | D:2      | Reached XP level 3. HP: 21/28 MP: 2/2
   928 | D:2      | Found a basalt altar of Yredelemnul.
  1371 | D:3      | Reached skill level 5 in Unarmed Combat
  1392 | D:3      | Found an ancient bone altar of Kikubaaqudgha.
  1481 | D:3      | Reached XP level 4. HP: 34/36 MP: 3/3
  1526 | D:3      | Noticed an orc warrior
  1778 | D:4      | Found a blossoming altar of Fedhas.
  1781 | D:4      | Found an opulent altar of Gozag.
  1784 | D:4      | Found a radiant altar of Vehumet.
  1898 | D:4      | Noticed an ogre
  1902 | D:4      | Slain by an ogre

Vault maps used:
D:1:      dpeg_arrival_brainrot
D:2:      yredelemnul_altar_generic
D:3:      lemuel_tele_altar
D:4:      grunt_temple_overflow_diamond, temple_doors_e,
          nicolae_ru_the_path_less_chosen

Action                   |  1- 3 |  4- 6 || total
-------------------------+-------+-------++-------
Melee: Unarmed           |   101 |    45 ||   146
  Use: Scroll            |     1 |       ||     1
  Eat: Chunk             |    10 |     1 ||    11
